 Dungeon Crawl Stone Soup version 0.23-a0-650-ga4d50d4 (webtiles) character file.

2849 MalarOregon the Spear-Bearer (level 9, -4/72 HPs)
             Began as a Merfolk Ice Elementalist on Jan 6, 2019.
             Was a Follower of Nemelex Xobeh.
             Slain by a two-headed ogre
             ... wielding a +0 giant club
              (12 damage)
             ... on level 8 of the Dungeon.
             The game lasted 00:18:33 (7256 turns).

MalarOregon the Spear-Bearer (MfIE)                 Turns: 7256, Time: 00:18:33

Health: -4/72      AC:  8    Str:  8    XL:     9   Next: 74%
Magic:  27/27      EV: 13    Int: 18    God:    Nemelex Xobeh [*.....]
Gold:   332        SH:  0    Dex: 14    Spells: 6/20 levels left

rFire    . . .     SeeInvis .   B - +5 halberd "Adaitzet" {chaos, rPois}
rCold    . . .     Gourm    .   (shield currently unavailable)
rNeg     . . .     Faith    .   a - +0 robe
rPois    +         Spirit   .   (no helmet)
rElec    .         Reflect  .   b - +0 cloak
rCorr    .         Harm     .   c - +1 pair of gloves
MR       +....                  I - +2 pair of boots
Stlth    ++........             (no amulet)
HPRegen  0.22/turn              t - ring of magical power
MPRegen  0.20/turn              l - ring of protection from magic

@: no status effects
A: change form in water, swift swim, stealthy swim
a: Draw Escape, Draw Destruction, Draw Summoning, Renounce Religion


You were on level 8 of the Dungeon.
You worshipped Nemelex Xobeh.
Nemelex Xobeh was aware of your devotion.
You were not hungry.

You visited 2 branches of the dungeon, and saw 9 of its levels.

You collected 332 gold pieces.

Inventory:

Hand Weapons
 B - the +5 halberd "Adaitzet" (weapon) {chaos, rPois}
   (You found it on level 5 of the Dungeon)

   Each time it hits an enemy it has a different, random effect.
   It protects you from poison.
Missiles
 g - 7 javelins (quivered)
 x - 5 tomahawks
 y - 2 curare-tipped needles {!f}
 J - 8 poisoned tomahawks
Armour
 a - a +0 robe (worn)
 b - a +0 cloak (worn)
   (You took it off Crazy Yiuf on level 7 of the Dungeon)
 c - a +1 pair of gloves (worn)
   (You found it on level 1 of the Dungeon)
 I - a +2 pair of boots (worn)
   (You found it on level 8 of the Dungeon)
Jewellery
 l - a ring of protection from magic (right hand)
   (You found it on level 6 of the Dungeon)
 t - a ring of magical power (left hand)
   (You found it on level 2 of the Dungeon)
Wands
 u - a wand of paralysis (3)
   (You found it on level 4 of the Dungeon)
Scrolls
 i - 2 scrolls of enchant armour
 k - a scroll of enchant weapon
 m - a scroll of blinking {unknown}
 o - a scroll of immolation {!r}
 q - 3 scrolls of identify {@r1}
 s - 3 scrolls of fear
 v - 2 scrolls of teleportation {@r4}
 w - a scroll of magic mapping
 D - a scroll of brand weapon {unknown}
 H - a scroll of amnesia {unknown}
Potions
 d - 2 potions of flight {unknown}
 f - 3 potions of brilliance
 h - a potion of ambrosia {unknown}
 j - 3 potions of magic
 n - 2 potions of might {unknown}
 p - 3 potions of heal wounds {unknown}
 r - 3 potions of curing {@q1}
 z - a potion of cancellation {unknown}
 A - a potion of invisibility {unknown}
 C - a potion of resistance {unknown}
 E - a potion of degeneration {unknown}
 F - a potion of lignification {unknown}
Comestibles
 e - 20 rations {!d}
 G - 2 chunks of flesh


   Skills:
 + Level 7.0 Fighting
 + Level 9.0 Polearms
 - Level 3.2 Dodging
 - Level 2.1 Stealth
 + Level 6.3 Spellcasting
 + Level 1.1 Conjurations
 - Level 4.0 Summonings
 - Level 6.2 Ice Magic


You had 6 spell levels left.
You knew the following spells:

 Your Spells              Type           Power        Failure   Level  Hunger
a - Freeze                Ice            ####         1%          1    None
b - Ozocubu's Armour      Chrm/Ice       ###.....     10%         3    ##.....
c - Throw Icicle          Conj/Ice       ###.....     26%         4    ####...
d - Summon Ice Beast      Ice/Summ       ###.....     14%         4    ####...
x - Throw Frost           Conj/Ice       ###...       3%          2    None

Your spell library contained the following spells:

 Spells                   Type           Power        Failure   Level  Hunger
 Flame Tongue             Conj/Fire      #....        10%         1    None
 Corona                   Hex            #......      12%         1    None
 Throw Flame              Conj/Fire      #.....       14%         2    None
 Slow                     Hex            #.......     19%         2    None
 Conjure Flame            Conj/Fire      #.......     28%         3    ##.....
 Inner Flame              Hex/Fire       #.......     34%         3    ##.....
 Portal Projectile        Hex/Tloc       #.....       34%         3    ##.....
 Sticky Flame             Conj/Fire      #.......     67%         4    ####...
 Cause Fear               Hex            #.........   75%         4    ####...
 Leda's Liquefaction      Hex/Erth       #.........   75%         4    ####...
 Fireball                 Conj/Fire      #.........   95%         5    #####..


Dungeon Overview and Level Annotations

Branches:
Dungeon (8/15)             Temple (1/1) D:7
   Lair: D:8-11

Altars:
Ashenzari
Cheibriados
Elyvilon
Fedhas
Gozag
Makhleb
Nemelex Xobeh
Okawaru
Qazlal
Ru
Trog
Uskayaw
Vehumet
Wu Jian
Xom
Zin

Shops:
D:7 %


Message History

Found a long sword.
Found a scroll of fear.
Found 21 stones.
s - 4 scrolls of fear (gained 1)
Found 21 arrows.
You see here 21 arrows.
You open the door.
Found a steaming robe.
There is an open door here.
A bullfrog comes into view.
A bullfrog is nearby!
Found a scroll of remove curse.
The bullfrog croaks.
You hear two shouts!
A two-headed ogre comes into view. It is wielding two +0 giant clubs.
Some of the chunks of flesh in your inventory have rotted away.
The bullfrog completely misses you.
Found 11 gold pieces.
Found a white marble altar of Elyvilon.
You hit the bullfrog.
The bullfrog is poisoned.
The bullfrog hits you.
You slash the bullfrog!
The bullfrog hits you but does no damage.
The bullfrog hits you.
You hit the bullfrog. You freeze the bullfrog.
You kill the bullfrog!
Your Fighting skill increases to level 7!
The two-headed ogre barely misses you. x2
You barely miss the two-headed ogre. You puncture the two-headed ogre!
The two-headed ogre is poisoned.
The two-headed ogre closely misses you. x2
You slash the two-headed ogre! You freeze the two-headed ogre.
The two-headed ogre barely misses you.
The two-headed ogre hits you with a +0 giant club!
You barely miss the two-headed ogre. The two-headed ogre barely misses you.
The two-headed ogre closely misses you.
Unknown command.
You barely miss the two-headed ogre. The two-headed ogre barely misses you.
The two-headed ogre closely misses you.
You puncture the two-headed ogre!
The two-headed ogre goes berserk!
The two-headed ogre closely misses you. The two-headed ogre misses you.
You hit the two-headed ogre. You drain the two-headed ogre!
The two-headed ogre barely misses you.
The two-headed ogre hits you with a +0 giant club!
You closely miss the two-headed ogre.
The two-headed ogre completely misses you.
The two-headed ogre hits you with a +0 giant club!!
* * * LOW HITPOINT WARNING * * *
As you read the scroll of fear, it crumbles to dust.
You assume a fearsome visage.
The two-headed ogre closely misses you.
The two-headed ogre hits you with a +0 giant club!
You die...
Your body disappears without a glow.

...#......#.######...#####.##....
...#........................##...
.......###.).................#...
...##..# #.......<...............
...##..###.##'####...####..#...#.
...##......##.## #.........#...#.
#.######.###...###...####.##.####
...# #.##.....##...# #.##...#.
#.## ###...8..@##### #.###..#.
#.# .........O......_#...÷)...
..## ..[.8...8......###...#####
##.####.............###....>.##
#....###....⌠....###.........##
###### ......?.... ###........##
...8...8.... ###...#.#.#
..........$ #.....#.# ###
#######.##..#.#


You could see a two-headed ogre (berserk).

Vanquished Creatures
  A two-headed ogre (D:8)
  A hippogriff (D:5)
  A spriggan (D:7)
  A porcupine (D:7)
  A black bear (D:8)
  An orc warrior (D:7)
  2 ice beasts
  5 ogres
  A phantom (D:4)
  A bullfrog (D:8)
  A scorpion (D:7)
  A wyvern skeleton (D:6)
  5 howler monkeys
  3 hounds (D:5)
  2 bullfrog zombies
  A centaur skeleton (D:7)
  2 orc wizards
  Crazy Yiuf (D:7)
  A bullfrog skeleton (D:5)
  2 iguanas (D:6)
  A jelly (D:5)
  2 worker ants
  A mummy (D:6)
  A hound skeleton (D:7)
  A howler monkey zombie (D:7)
  A worker ant zombie (D:7)
  A howler monkey skeleton (D:4)
  10 adders
  A river rat (D:7)
  2 oozes
  4 adder skeletons
  2 worms
  A dart slug (D:1)
  6 leopard geckos
  10 orcs
  2 bats (D:1)
  6 giant cockroaches
  7 goblins
  4 hobgoblins
  A quokka (D:4)
  4 ball pythons
  7 frilled lizards
  A jackal skeleton (D:5)
  8 kobolds
  A kobold zombie (D:6)
  A leopard gecko skeleton (D:4)
  2 orc zombies (D:6)
  A quokka skeleton (D:4)
  13 rats
136 creatures vanquished.

Notes
Turn   | Place    | Note
-------+----------+-------------------------------------------
     0 | D:1      | MalarOregon the Merfolk Ice Elementalist began the quest
                  | for the Orb.
     0 | D:1      | Reached XP level 1. HP: 13/13 MP: 3/3
   141 | D:1      | Reached XP level 2. HP: 19/20 MP: 0/5
   195 | D:1      | Learned a level 2 spell: Throw Frost
   485 | D:1      | Reached skill level 1 in Fighting
   629 | D:1      | Reached XP level 3. HP: 26/26 MP: 1/6
  1211 | D:2      | Reached skill level 1 in Polearms
  1270 | D:2      | Reached XP level 4. HP: 32/32 MP: 1/7
  1327 | D:2      | Learned a level 3 spell: Ozocubu's Armour
  1977 | D:3      | Reached skill level 2 in Polearms
  2121 | D:3      | Reached XP level 5. HP: 31/38 MP: 9/9
  2546 | D:4      | Noticed an ogre
  2558 | D:4      | Killed an ogre
  2558 | D:4      | Reached skill level 3 in Polearms
  2558 | D:4      | Reached XP level 6. HP: 46/46 MP: 4/10
  2724 | D:4      | Noticed a phantom
  2766 | D:4      | Killed a phantom
  2766 | D:4      | Reached skill level 4 in Polearms
  2766 | D:4      | Reached skill level 5 in Ice Magic
  2909 | D:4      | Learned a level 4 spell: Throw Icicle
  2989 | D:4      | You fall through a shaft for 2 floors!
  3083 | D:5      | Entered Level 5 of the Dungeon
  3091 | D:5      | Reached XP level 7. HP: 49/52 MP: 12/12
  3398 | D:5      | Learned a level 4 spell: Summon Ice Beast
  3802 | D:4      | Reached skill level 5 in Polearms
  4195 | D:5      | Reached skill level 1 in Summonings
  4439 | D:5      | Reached XP level 8. HP: 25/61 MP: 14/14
  4632 | D:5      | Got an iridescent halberd
  4633 | D:5      | Identified the +5 halberd "Adaitzet" {chaos, rPois} (You
                  | found it on level 5 of the Dungeon)
  4814 | D:6      | Noticed a hippogriff
  4852 | D:5      | Killed a hippogriff
  4852 | D:5      | Reached skill level 6 in Polearms
  5028 | D:6      | Reached skill level 5 in Fighting
  5244 | D:6      | Found an iron altar of Okawaru.
  5472 | D:6      | Reached skill level 5 in Spellcasting
  5636 | D:6      | Reached skill level 7 in Polearms
  5972 | D:7      | Reached XP level 9. HP: 65/69 MP: 17/17
  6090 | D:7      | Found a staircase to the Ecumenical Temple.
  6100 | Temple   | Entered the Ecumenical Temple
  6218 | Temple   | Became a worshipper of Nemelex Xobeh the Trickster
  6263 | D:7      | Received a gift from Nemelex Xobeh
  6529 | D:7      | Found Vesum's Food Shoppe.
  6647 | D:7      | Reached skill level 8 in Polearms
  6782 | D:7      | Found a runed door.
  6786 | D:7      | Noticed Crazy Yiuf
  6792 | D:7      | Killed Crazy Yiuf
  6924 | D:8      | Found a sacrificial altar of Ru.
  6998 | D:8      | Noticed a two-headed ogre
  7005 | D:8      | Killed a two-headed ogre
  7072 | D:8      | Reached skill level 9 in Polearms
  7072 | D:8      | Reached skill level 1 in Conjurations
  7221 | D:8      | Reached * piety under Nemelex Xobeh
  7243 | D:8      | Noticed a two-headed ogre
  7244 | D:8      | Found a white marble altar of Elyvilon.
  7256 | D:8      | Slain by a two-headed ogre

Vault maps used:
D:1:      beargit_arrival_greenhouse
D:2:      minmay_strange_pillars
D:3:      small_statue_intersection
D:4:      first_ration
D:5:      minmay_clustersquares, minmay_misc_feat_x
D:6:      okawaru_gym_becter, minmay_mini_ossuary
D:7:      minmay_temple_entry_junction, serial_shops, shop_statue, the_bakery,
          uniq_crazy_yiuf_cottage
D:8:      grunt_temple_overflow_holy_war, minmay_overflow_temple_star_hex,
          kennysheep_mini_moat
Temple:   dshaligram_water_room_temple

Skill      XL: |  1  2  3  4  5  6  7  8  9 |
---------------+----------------------------+-----
Dodging        | 3 |  3.2
Fighting       | 1 2 3 4 5 7 |  7.0
Polearms       | 1 2 3 4 5 7 9 |  9.0
Ice Magic      | 4 5 6 |  6.2
Spellcasting   | 3 4 5 6 |  6.3
Summonings     | 1 3 4 |  4.0
Conjurations   | 1 |  1.1
Stealth        | |  2.1

Action                   |  1- 3 |  4- 6 |  7- 9 || total
-------------------------+-------+-------+-------++-------
Melee: Unarmed           |     8 |       |       ||     8
       Short sword       |     8 |       |       ||     8
       Spear             |    47 |   113 |    90 ||   250
       Halberd           |       |       |   125 ||   125
 Cast: Freeze            |    21 |    27 |    22 ||    70
       Throw Frost       |    18 |    37 |    29 ||    84
       Summon Ice Beast  |       |       |     1 ||     1
 Abil: Draw Destruction  |       |       |     1 ||     1
  Use: Scroll            |       |    12 |     2 ||    14
       Potion            |       |     1 |       ||     1
 Stab: Sleeping          |     4 |     2 |     8 ||    14
       Distracted        |     1 |       |     1 ||     2
       Paralysed         |       |       |     1 ||     1
  Eat: Chunk             |     3 |     7 |    15 ||    25
Armor: Robe              |     8 |    16 |    40 ||    64
Dodge: Dodged            |    53 |    63 |   113 ||   229

Table legend:
 A = Non-vault XP
 B = Vault XP
 C = Vault XP percentage of total XP
 D = Non-vault monster count
 E = Vault monster count
 F = Vault count percentage of total count
                 A         B        C        D         E       F
            +---------+---------+-------+---------+---------+-------
      Total |    3545 |     526 |  12.9 |     125 |      11 |   8.1
            +---------+---------+-------+---------+---------+-------
        D:1 |      51 |       0 |   0.0 |      27 |       0 |   0.0
        D:2 |      63 |       0 |   0.0 |      15 |       0 |   0.0
        D:3 |     103 |       0 |   0.0 |      19 |       0 |   0.0
        D:4 |     419 |       0 |   0.0 |      18 |       0 |   0.0
        D:5 |     643 |     244 |  27.5 |      13 |       5 |  27.8
        D:6 |     497 |      21 |   4.1 |      12 |       4 |  25.0
        D:7 |     782 |     261 |  25.0 |      15 |       2 |  11.8
        D:8 |     987 |       0 |   0.0 |       6 |       0 |   0.0
            +---------+---------+-------+---------+---------+-------
